 Dungeon Crawl Stone Soup version 0.28-a0-723-g095bd1b44f (webtiles) character file.

Game seed: 11620448049109602379

31 cheechan the Chopper (level 3, 0/39 HPs)
             Began as an Octopode Berserker on Oct 25, 2021.
             Was a Follower of Trog.
             Succumbed to an adder's poison
             ... on level 2 of the Dungeon.
             The game lasted 00:03:21 (1059 turns).

cheechan the Chopper (Octopode Berserker)           Turns: 1059, Time: 00:03:22

Health: 0/39       AC:  1    Str: 17    XL:     3   Next: 22%
Magic:  3/3        EV: 13    Int:  9    God:    Trog [*.....]
Gold:   33         SH:  0    Dex: 11    Spells: 2/2 levels left

rFire   . . .      SeeInvis .   a - +0 hand axe
rCold   . . .      Faith    .   (no shield)
rNeg    . . .      Spirit   .   (helmet restricted)
rPois   .          Reflect  .   (no amulet)
rElec   .          Harm     .   (no ring)
rCorr   .          Rampage  .   (no ring)
Will    .....                   (no ring)
Stlth   ..........              (no ring)
HPRegen 0.13/turn               (no ring)
MPRegen 0.08/turn               (no ring)
                                (no ring)
                                (no ring)

@: berserking, lethally poisoned (0 -> -4), very quick
A: almost no armour, amphibious, 8 rings, camouflage 1, gelatinous body 1,
(nimble swimmer 1), tentacles
a: Renounce Religion, Berserk


You were on level 2 of the Dungeon.
You worshipped Trog.
Trog was aware of your devotion.
You visited 1 branch of the dungeon, and saw 2 of its levels.

You collected 33 gold pieces.

Inventory:

Hand Weapons
 a - a +0 hand axe (weapon)
 f - a +2 dagger of speed
Missiles
 c - 71 stones
 d - a throwing net
 e - 24 poisoned darts (quivered)
Potions
 b - a potion of curing {unknown}


   Skills:
 + Level 3.3 Fighting
 + Level 3.4 Axes
 + Level 3.4 Dodging
 + Level 1.0 Stealth


You had 2 spell levels left.
You didn't know any spells.
Your spell library was empty.

Dungeon Overview and Level Annotations

Branches:
Dungeon (2/15)

Altars:

Shops:
D:1 *


Innate Abilities, Weirdness & Mutations

You cannot wear most types of armour.
You are amphibious.
You can wear up to eight rings at the same time.
Your skin changes colour to match your surroundings (Stealth+).
Your rubbery body absorbs attacks. (AC +1, EV +1)
((You are camouflaged near water. (Stealth+)))
You have tentacles for arms and can constrict up to eight enemies at once.


Message History

You kill the kobold!
Trog accepts your kill.
You closely miss the adder. The adder barely misses you. The adder bites you.
The adder bites you.
Things that are here:
a +0 short sword; a kobold corpse You closely miss the adder.
Your grab misses the adder. The adder barely misses you.
You barely miss the adder. Your grab misses the adder. The adder misses you.
The adder bites you.
You miss the adder. Your grab misses the adder. Your squeeze misses the adder.
The adder misses you.
You miss the adder. Your grab misses the adder. You squeeze the adder!
The adder is almost dead.
The adder bites you.
* * * LOW HITPOINT WARNING * * *
You are poisoned.
The adder poisons you! The adder bites you.
* * * LOW HITPOINT WARNING * * *
You are more poisoned.
The adder poisons you!
Okay, then.
A red film seems to cover your vision as you go berserk!
You feel yourself moving faster!
You feel mighty!
* * * LOW HITPOINT WARNING * * *
You feel sick. The adder completely misses you.
You hit the adder.
You kill the adder!
Trog accepts your kill.
* * * LOW HITPOINT WARNING * * *
You feel sick.
Your Stealth skill increases to level 1!
You have reached level 3!
Your experience leads to an increase in your attributes!
Increase (S)trength, (I)ntelligence, or (D)exterity?
You feel stronger.
* * * LOW HITPOINT WARNING * * *
You feel sick.
You feel a strong urge to attack something.
You die...

#.........#
#.........#
#.........#
#.........#
#.........#
#.)..<....#
#.........#
#..........
########@..#####..
#......!.### ...
#........####...>.
#.........<.....#
#........####..##
#........# #
#.......>#
##########


There were no monsters in sight!

Vanquished Creatures
  An adder (D:2)
  3 bats (D:1)
  An endoplasm (D:1)
  A giant cockroach (D:1)
  3 goblins (D:1)
  3 hobgoblins (D:1)
  3 kobolds
  2 ball pythons (D:1)
  A frilled lizard (D:1)
  2 rats (D:1)
20 creatures vanquished.

Notes
Turn   | Place    | Note
-------+----------+-------------------------------------------
     0 | D:1      | cheechan the Octopode Berserker began the quest for the
                  | Orb.
     0 | D:1      | Reached XP level 1. HP: 16/16 MP: 1/1
   277 | D:1      | Reached XP level 2. HP: 18/21 MP: 2/2
   280 | D:1      | Found Ygeos's Assorted Antiques.
   282 | D:1      | Found a faded altar of an unknown god.
  1057 | D:2      | Reached skill level 1 in Stealth
  1057 | D:2      | Reached XP level 3. HP: 2/26 MP: 3/3
  1057 | D:2      | HP: 1/39 [poisoned by an adder]
  1059 | D:2      | Succumbed to an adder's poison

Illustrated notes

Levels and vault maps discovered:
D:1:      co_arrival_square_in_a_square_in_a_square, layout_basic, serial_shops,
          nicolae_shop_trees, hellmonk_ecumenical_altar_lost_god
D:2:      layout_rooms, basic_altar

Skill      XL: |  1  2 |
---------------+-------+-----
Stealth        | 1 |  1.0
Fighting       | |  3.3
Axes           | |  3.4
Dodging        | |  3.4

Action                   || total
-------------------------++-------
Melee: Hand axe          ||    38
       Constrict         ||    10
       Tentacles         ||     7
Invok: Berserk           ||     1
  Use: Scroll            ||     2
 Stab: Sleeping          ||     4
Armor: Skin              ||     8
Dodge: Dodged            ||    32

Table legend: (Time is in decaauts)
 A = Elapsed time spent in this place.
 B = Non-inter-level travel time spent in this place.
 C = Inter-level travel time spent in this place.
 D = Time resting spent in this place.
 E = Time spent auto-exploring this place.
 F = Levels seen in this place.
 G = Mean time per level.
                   A        B        C        D        E       F      G
               +--------+--------+--------+--------+--------+-----+--------+
         Total |   1062 |   1062 |      0 |      0 |      0 |   2 |  531.0 |
       Dungeon |   1062 |   1062 |      0 |      0 |      0 |   2 |  531.0 |
               +--------+--------+--------+--------+--------+-----+--------+

Top non-repeatable levels by time:
     D:1: 1040 daAuts
     D:2: 22 daAuts
